 Dungeon Crawl Stone Soup version 0.17-a0-1403-g9df874c (webtiles) character file.

119 urechis the Spear-Bearer (level 5, -2/38 HPs)
             Began as a Merfolk Gladiator on June 20, 2015.
             Slain by Robin
             ... wielding a +0 club
              (3 damage)
             ... on level 3 of the Dungeon.
             The game lasted 00:05:42 (1988 turns).

urechis the Spear-Bearer (Merfolk Gladiator)        Turns: 1988, Time: 00:05:43

Health: -2/38      AC:  6    Str: 15    XL:     5   Next: 3%
Magic:  5/5        EV: 13    Int:  8    God:
Gold:   64         SH:  0    Dex: 15    Spells: 0 memorised, 4 levels left

rFire  . . .     SeeInvis .     a - +0 trident
rCold  . . .     Clarity  .     b - +0 leather armour
rNeg   . . .     SustAt   .     (no shield)
rPois  +         Gourm    .     c - +0 helmet
rElec  .         Spirit   .     u - +0 cloak
rCorr  .         Warding  .     (no gloves)
rMut   .         Stasis   .     k - +0 pair of boots
MR     .....                    (no amulet)
Stlth  +.........               (no ring)
                                p - ring of poison resistance

@: not resistant to hostile enchantments, very unstealthy
A: change form in water, swift swim
a: no special abilities


You were on level 3 of the Dungeon.
You were hungry.

You visited 1 branch of the dungeon, and saw 3 of its levels.

You collected 64 gold pieces.

Inventory:

Hand weapons
 a - a +0 trident (weapon)
Missiles
 d - 3 throwing nets (quivered)
Armour
 b - a +0 leather armour (worn)
 c - a +0 helmet (worn)
 k - a +0 pair of boots (worn)
 u - a +0 cloak (worn)
Jewellery
 p - a ring of poison resistance (left hand)
Scrolls
 h - a scroll of remove curse {unknown}
 i - 2 scrolls of enchant weapon {unknown}
 j - a scroll of immolation {unknown}
 o - a scroll of blinking {unknown}
 s - a scroll of enchant armour {unknown}
 t - 2 scrolls of identify {unknown}
Potions
 f - a potion of brilliance {unknown}
 l - a potion of mutation {unknown}
 n - a potion of invisibility {unknown}
 q - a potion of resistance {unknown}
 r - a potion of poison
 v - 2 potions of curing {unknown}
Comestibles
 e - 3 bread rations
 g - a beef jerky
 m - 2 slices of pizza


   Skills:
 - Level 2.1 Fighting
 + Level 8.0 Polearms
 - Level 2.0 Throwing
 - Level 4.0 Dodging


You had 4 spell levels left.
You didn't know any spells.

Dungeon Overview and Level Annotations

Branches:
Dungeon (3/15)

Altars:
Ashenzari
Elyvilon

Annotations:
D:3 Robin


Message History

You barely miss the orc.
The giant newt hisses menacingly.
You hit the orc.
The orc is moderately wounded.
The orc misses you.
You puncture the orc!
You kill the orc!
You puncture Robin!
Robin is heavily wounded.
You hit Robin but do no damage.
Robin is heavily wounded.
Robin barely misses you.
You hit Robin but do no damage.
Robin is heavily wounded.
Robin hits you with a club.
* * * LOW HITPOINT WARNING * * *
You barely miss Robin.
Robin is heavily wounded.
Robin hits you with a club.
You die...

######
#....#
####....###
#(.'....+.#
#.##....#.#
#.#.....#.#
#)#.#...#.#
#@#.#...#.#
#g#....<..#
#l#########.
#...........
#........#
#........#
#....g...#
#.......##
#.......#


You could see Robin and a giant newt.

Vanquished Creatures
  3 adders (D:2)
  3 worms (D:2)
  2 giant geckos (D:2)
  4 orcs (D:3)
  11 bats
  16 goblins
  11 hobgoblins
  2 jackals (D:2)
  9 kobolds
  A ball python (D:2)
  6 giant cockroaches (D:2)
  3 giant newts
  3 rats
74 creatures vanquished.

Notes
Turn   | Place    | Note
--------------------------------------------------------------
     0 | D:1      | urechis the Merfolk Gladiator began the quest for the Orb.
     0 | D:1      | Reached XP level 1. HP: 16/16 MP: 1/1
   228 | D:1      | Reached skill level 5 in Polearms
   240 | D:1      | Reached XP level 2. HP: 9/22 MP: 2/2
  1006 | D:2      | Reached XP level 3. HP: 17/27 MP: 3/3
  1035 | D:2      | Reached skill level 6 in Polearms
  1432 | D:2      | Reached XP level 4. HP: 28/33 MP: 4/4
  1438 | D:2      | Reached skill level 7 in Polearms
  1705 | D:2      | Found a shattered altar of Ashenzari.
  1710 | D:2      | Found a white marble altar of Elyvilon.
  1931 | D:3      | Noticed Robin
  1971 | D:3      | Reached skill level 8 in Polearms
  1977 | D:3      | Reached XP level 5. HP: 4/38 MP: 5/5
  1987 | D:3      | HP: 1/38 [Robin/club (3)]
  1988 | D:3      | Slain by Robin

Vault maps used:
D:1:      minmay_arrival_semitransparent, minivault_11, grunt_decor_arrowhead
D:2:      minitemple, first_bread, st_stairs_4, minmay_joined_circles
D:3:      wad_lake_hut, nicolae_tso_carved_into_rock, minmay_strange_pillars,
          uniq_robin

Action                   |  1- 3 |  4- 6 || total
-------------------------+-------+-------++-------
Melee: Trident           |   154 |   120 ||   274
  Use: Potion            |       |     1 ||     1
 Stab: Sleeping          |     2 |     1 ||     3
  Eat: Chunk             |     2 |     1 ||     3
